 Dungeon Crawl Stone Soup version 0.21.1-1-g345015f (webtiles) character file.

494724 xccam the Shatterer (level 23, -1/244 HPs)
             Began as a Minotaur Fighter on Feb 11, 2018.
             Was a High Priest of Trog.
             Killed by a mummy priest's death curse (34 damage)
             ... on level 1 of the Tomb of the Ancients.
             The game lasted 03:08:00 (44238 turns).

xccam the Shatterer (Minotaur Fighter)             Turns: 44238, Time: 03:08:01

Health: -1/244     AC: 40    Str: 28    XL:     23   Next: 65%
Magic:  12/12      EV: 21    Int:  5    God:    Trog [*****.]
Gold:   4361       SH:  0    Dex: 13    Spells: 22/22 levels left

rFire    + . .     SeeInvis +   P - +3 great mace of Red Wine {antimagic, rN+}
rCold    + + +     Gourm    +   (shield currently unavailable)
rNeg     + + +     Faith    .   k - +8 plate armour
rPois    +         Spirit   .   L - +0 hat of the Distant Future {rElec rC+ Str+2 SInv}
rElec    +         Reflect  .   J - +2 cloak {MR+}
rCorr    .         Harm     .   j - +1 pair of gloves
MR       ++...                  X - +2 pair of boots
Stlth    ..........             S - amulet of Orifiewo {Gourm rPois rC+}
HPRegen  0.50/turn              K - ring of positive energy
MPRegen  0.13/turn              R - ring "Von Taim" {rF+ rC+ rN+ MP+9}

@: berserk cooldown, slowed, very slow
A: retaliatory headbutt, horns 2, repulsion field 2, dopey 1, sense surroundings
1, robust 1
}: 3/15 runes: decaying, silver, gossamer
a: Berserk, Trog's Hand, Brothers in Arms, Burn Spellbooks, Renounce Religion


You were on level 1 of the Tomb of the Ancients.
You worshipped Trog.
Trog was extremely pleased with you.
You were not hungry.

You visited 8 branches of the dungeon, and saw 40 of its levels.
You visited the Abyss 1 time.

You collected 5689 gold pieces.
You spent 1328 gold pieces at shops.

Inventory:

Hand Weapons
 w - a +6 dire flail of flaming
 O - the +7 great mace of Integrity {holy, MR- Int+3 Dex+4}
   (You found it on level 4 of the Swamp)

   It has been blessed by the Shining One to cause great damage to the undead
   and demons.
   It affects your intelligence (+3).
   It affects your dexterity (+4).
   It affects your resistance to hostile enchantments.
 P - the +3 great mace of Red Wine (weapon) {antimagic, rN+}
   (Trog gifted it to you on level 3 of the Lair of Beasts)

   It reduces the magical energy of the wielder, and disrupts the spells and
   magical abilities of those hit.
   Natural abilities and divine invocations are not affected.
   It protects you from negative energy.
Armour
 j - a +1 pair of gloves (worn)
 k - a +8 plate armour (worn)
 r - a scarf of cloud immunity
 u - +3 fire dragon scales {Xtahua}
 C - a scarf of spirit shield
 J - a +2 cloak of magic resistance (worn)
 L - the +0 hat of the Distant Future (worn) {rElec rC+ Str+2 SInv}
   (You acquired it on level 4 of the Vaults)

   It affects your strength (+2).
   It protects you from cold.
   It insulates you from electricity.
   It lets you see invisible.
 X - a +2 pair of boots (worn)
 Z - the +0 chain mail "Xiergh Oser" {rPois rF++ rCorr Int-5}
   (You found it on level 2 of the Spider Nest)

   It affects your intelligence (-5).
   It greatly protects you from fire.
   It protects you from poison.
   It protects you from acid and corrosion.
Jewellery
 a - the amulet of Orraib {Reflect -Tele Str+5 Int+4 SH+4}
   (You bought it in a shop on level 2 of the Orcish Mines)

   [amulet of reflection]

   It shields you and reflects attacks.
   It affects your strength (+5).
   It affects your intelligence (+4).
   It prevents most forms of teleportation.
   It affects your SH (+4).
 i - an uncursed ring of protection from magic
 n - an uncursed ring of protection from fire
 p - an uncursed ring of protection from magic
 s - an uncursed ring of resist corrosion
 z - the amulet of the Hippo {+Inv rPois rF+++ rC- Regen+}
   (You found it on level 3 of the Crypt)

   [amulet of regeneration]

   It renders you almost immune to fire.
   It makes you vulnerable to cold.
   It protects you from poison.
   It lets you turn invisible.
   It increases your rate of regeneration.
 D - the amulet "Guabrys" {Spirit Int+4}
   (You found it on level 3 of the Crypt)

   [amulet of guardian spirit]

   It causes incoming damage to be split between your health and magic.
   It affects your intelligence (+4).
 G - the ring "Gito" {rPois rC++ MR- SInv}
   (You found it on level 2 of the Spider Nest)

   [ring of poison resistance]

   It greatly protects you from cold.
   It protects you from poison.
   It affects your resistance to hostile enchantments.
   It lets you see invisible.
 I - an uncursed ring of see invisible
 K - a ring of positive energy (left hand)
 M - the ring of Scepticism {+Inv rN+ MP-9 Str+6 Stlth+}
   (You found it on level 3 of the Crypt)

   [ring of positive energy]

   It affects your strength (+6).
   It protects you from negative energy.
   It affects your magic capacity (-9).
   It lets you turn invisible.
   It makes you more stealthy.
 R - the ring "Von Taim" (right hand) {rF+ rC+ rN+ MP+9}
   (You found it on level 3 of the Crypt)

   [ring of positive energy]

   It protects you from fire.
   It protects you from cold.
   It protects you from negative energy.
   It affects your magic capacity (+9).
 S - the amulet of Orifiewo (around neck) {Gourm rPois rC+}
   (You bought it in a shop on level 6 of the Dungeon)

   [amulet of the gourmand]

   It allows you to eat raw meat even when not hungry.
   It protects you from cold.
   It protects you from poison.
 V - a +2 amulet of reflection
 W - a +4 ring of dexterity
 Y - the ring of Syrosm {rElec rC+ Stlth+}
   (You found it on level 3 of the Crypt)

   [ring of stealth]

   It protects you from cold.
   It insulates you from electricity.
   It makes you more stealthy.
Wands
 b - a wand of disintegration (15)
 v - a wand of flame (115)
 B - a wand of acid (16)
 E - a wand of iceblast (27)
 U - a wand of random effects (25)
Scrolls
 c - a scroll of silence
 e - 13 scrolls of identify
 m - 7 scrolls of fog
 o - 6 scrolls of enchant weapon
 q - 7 scrolls of magic mapping
 t - 19 scrolls of remove curse
 x - 2 scrolls of summoning
 y - 20 scrolls of teleportation
 F - a scroll of holy word
 Q - 5 scrolls of fear
 T - a scroll of blinking
Potions
 d - 5 potions of might
 g - 19 potions of curing
 h - 2 potions of heal wounds
 l - 2 potions of resistance
 A - 2 potions of cancellation
 H - 4 potions of flight
 N - 5 potions of haste
Comestibles
 f - 68 rations


   Skills:
 + Level 21.9 Fighting
 + Level 26.6 Maces & Flails
 + Level 24.2 Armour
 + Level 18.2 Dodging
   Level 4.6 Shields
 - Level 6.8 Evocations


You had 22 spell levels left.
You didn't know any spells.

Dungeon Overview and Level Annotations

Branches:
Dungeon (15/15)            Temple (0/1) D:7            Lair (6/6) D:10
  Swamp (4/4) Lair:4       Spider (4/4) Lair:3        Slime (0/5) Lair:6
    Orc (2/2) D:12            Elf (0/3) Orc:2        Vaults (5/5) D:14
  Crypt (3/3) Vaults:2       Tomb (1/3) Crypt:3      Depths (0/5) D:15

Altars:
Dithmenos
Gozag
Hepliaklqana
Makhleb
Sif Muna
Trog
Uskayaw
Wu Jian
Yredelemnul
The Shining One
Beogh
Jiyva

Shops:
D:2 *   D:6 =   Orc:2 =}*=   Vaults:1 *   Vaults:5 %

Portals:
Trove: Vaults:4 (give 4 potions of resistance)

Annotations:
D:4 Scuka's ghost, amateur BaFi
Tomb:1 Jory


Innate Abilities, Weirdness & Mutations

You reflexively headbutt those who attack you in melee.
You have a pair of horns on your head.
You are surrounded by a moderate repulsion field. (EV +3)
You are dopey. (Int -2)
You passively map a small area around you.
You are robust. (+10% HP)


Message History

You sock the ushabti!
The ushabti's magic leaks into the air.
The ushabti is almost destroyed.
Your ogre hits the ushabti with a giant club!!!
The ushabti is destroyed!
Trog accepts your kill.
You sock the mummy priest!
The mummy priest is lightly damaged.
Your ogre barely misses the mummy priest.
You sock the mummy priest!
The mummy priest is moderately damaged.
Your ogre hits the mummy priest with a giant club.
The mummy priest completely misses you.
You bludgeon the mummy priest!!
The mummy priest is severely damaged.
Your ogre hits the mummy priest with a giant club!!
The mummy priest is destroyed!
Trog accepts your kill.
You feel extremely nervous for a moment...
You convulse helplessly as pain tears through your body!
You die...

, , ,,, , ,,
, ,
#......... ,
, #.........
* * ##### ,
#......... ,
#...#
#......... ,
8 , ,, #†8†#
*#.........
#...#
#......... *
#...#
*#.........
, #...#
#.........
,#@O.#
#......... *
,#...#,
#......... *
#M..# ,
#......... ,
,* * ,#)..#
,*#.........
...# 8 , *
.')8.#,
#.........
#...# ,
..#...#
*#.........
#...# *
#...#...#
*#.........
#...# ...
#...#
#.........
#...# ...
#...#
#.........


You could see a mummy and a friendly ogre (berserk).

Vanquished Creatures
  Khufu (Crypt:1)
  Mennas (Crypt:1)
  2 ancient liches
  3 greater mummies
  Sojobo (Vaults:5)
  Bai Suzhen (Crypt:2)
  Frederick (Crypt:2)
  Xtahua (Vaults:4)
  A golden dragon (Vaults:4)
  Nikola (Swamp:2)
  A bone dragon (Crypt:3)
  3 tentacled monstrosities
  Rupert (D:13)
  3 liches
  3 quicksilver dragons
  4 titans
  Gastronok (D:9)
  4 sphinxes (Tomb:1)
  Kirke (Swamp:1)
  7 shadow dragons
  A tentacled starspawn (Abyss:1)
  4 thorn hunters
  A storm dragon (Vaults:5)
  A revenant (Crypt:1)
  7 tengu reavers
  3 frost giants
  3 deep elf sorcerers
  Louise (Spider:2)
  3 curse skulls (Crypt:1)
  8 vault wardens
  4 ghost moths
  2 deep elf elementalists (Vaults:5)
  3 emperor scorpions (Spider:3)
  4 fire giants (Vaults:5)
  7 ironheart preservers
  2 ghouls (Crypt:1)
  5 stone giants
  19 very ugly things
  7 war gargoyles
  A deep elf annihilator (Vaults:2)
  4 deep elf demonologists
  2 entropy weavers
  7 vampire knights
  A dire elephant (D:15)
  4 deep elf death magi
  4 spark wasps (Spider:4)
  3 eidola
  Snorg (D:10)
  5 ettins
  6 mummy priests (Tomb:1)
  Josephine (Swamp:1)
  6 jiangshi
  The ghost of shugdite the Protected, a journeyman MiFi of Okawaru (D:10)
  3 crystal guardians (Crypt:3)
  2 fire dragons (Vaults:2)
  6 yaktaur captains
  Erolcha (D:10)
  30 hydras
  A great orb of eyes (Vaults:4)
  29 vault guards
  Harold (D:11)
  7 ghost crabs
  A catoblepas (Lair:6)
  3 ice dragons
  9 centaur warriors
  Erica (D:8)
  A death knight (Crypt:2)
  A deep troll shaman (Vaults:1)
  4 dancing weapons (Crypt:3)
  32 two-headed ogres
  11 ogre magi
  11 death yaks
  A titan zombie (Crypt:3)
  12 alligators
  15 death scarabs (Tomb:1)
  2 vampire magi
  5 orc high priests
  Urug (Lair:5)
  6 hell knights (Crypt:3)
  3 spriggans
  A titan skeleton (Crypt:1)
  8 deep elf knights
  Nergalle (D:11)
  The ghost of Scuka the Carver, a novice BaFi of Cheibriados (D:7)
  2 shadow wraiths (Crypt:2)
  32 skeletal warriors
  3 unseen horrors
  A large abomination (Abyss:1)
  5 spriggan druids
  A sixfirhy (Abyss:1)
  6 deep trolls
  A glowing orange brain (Abyss:1)
  3 flayed ghosts
  10 phantasmal warriors
  4 wizards
  16 swamp dragons
  13 ironbrand convokers
  29 wolf spiders
  2 tengu zombies (Vaults:5)
  14 deep elf magi
  8 orb spiders
  A golden dragon skeleton (Crypt:3)
  9 harpies
  A harpy (shapeshifter) (D:13)
  10 orc sorcerers
  11 necromancers
  5 deep elf archers
  A tengu skeleton (Vaults:5)
  17 orc knights
  A stone giant zombie (Crypt:3)
  11 cyclopes
  A fire giant zombie (Vaults:5)
  An iron dragon zombie (Crypt:3)
  A shadow dragon skeleton (Tomb:1)
  36 ugly things
  3 black mambas
  A salamander (D:15)
  2 manticores
  A starcursed mass (Abyss:1)
  2 frost giant skeletons (Vaults:5)
  2 human skeletons
  A worldbinder (Abyss:1)
  3 stone giant skeletons
  A centaur zombie (D:13)
  Maurice (D:11)
  11 vault sentinels
  A fire giant skeleton (Vaults:5)
  5 apocalypse crabs
  Psyche (D:10)
  2 smoke demons (Abyss:1)
  A dire elephant zombie (Crypt:3)
  31 spiny frogs
  A dire elephant skeleton (Crypt:3)
  10 gargoyles
  9 rime drakes
  A shock serpent skeleton (Crypt:2)
  An elf skeleton (Vaults:5)
  A komodo dragon (shapeshifter) (Vaults:3)
  5 komodo dragons
  A rime drake (shapeshifter) (Vaults:3)
  An efreet (D:13)
  4 freezing wraiths
  15 demonic crawlers
  23 yaktaurs
  A death yak skeleton (Crypt:2)
  A green draconian skeleton (Crypt:2)
  3 guardian mummies (Tomb:1)
  18 jumping spiders
  A queen bee (shapeshifter) (D:15)
  5 trolls
  An ancient zyme (Abyss:1)
  A minotaur zombie (Crypt:1)
  2 polar bears
  11 tyrant leeches
  11 hornets
  22 blink frogs
  A tengu simulacrum (Vaults:2)
  A meliai (shapeshifter) (Vaults:1)
  A harpy skeleton (Crypt:3)
  8 bog bodies
  A hydra skeleton (Crypt:3)
  An iron dragon simulacrum (Abyss:1)
  An ettin zombie (Vaults:5)
  29 slime creatures
  2 hippogriffs (shapeshifter)
  A black mamba zombie (Tomb:1)
  A meliai zombie (D:14)
  2 fire dragon zombies (Crypt:3)
  44 redbacks
  2 dream sheep (D:9)
  A jumping spider zombie (Crypt:2)
  18 hippogriffs
  37 flying skulls
  Sigmund (D:4)
  A redback (shapeshifter) (Vaults:4)
  2 shadows (Crypt:2)
  A fire dragon skeleton (Crypt:3)
  41 yaks
  8 wyverns
  A ynoxinul (Abyss:1)
  An ettin skeleton (Vaults:5)
  16 tarantellas
  A vampire (D:11)
  9 wraiths
  An ushabti (Tomb:1)
  A hungry ghost (D:10)
  A wind drake skeleton (Crypt:2)
  Grum (D:10)
  A yaktaur simulacrum (Vaults:2)
  A human (shapeshifter) (Vaults:3)
  25 vampire mosquitoes
  6 basilisks
  3 wargs
  6 insubstantial wisps (Swamp:1)
  A merfolk zombie (Crypt:1)
  28 swamp worms
  Edmund (D:4)
  2 acid dragons
  A naga (shapeshifter) (Vaults:5)
  16 water moccasins
  9 porcupines
  A hornet zombie (Crypt:1)
  A soldier ant (D:10)
  A water nymph skeleton (Crypt:2)
  30 orc warriors
  A meliai simulacrum (D:15)
  14 swamp drakes
  A black bear (D:9)
  An eye of draining (Abyss:1)
  A snapping turtle zombie (Crypt:3)
  6 sky beasts
  6 ice beasts
  3 necrophages (Crypt:3)
  47 ogres
  A phantom (D:13)
  9 wolves
  13 centaurs
  13 crocodiles
  A snapping turtle skeleton (Crypt:2)
  A small abomination (Abyss:1)
  6 big kobolds
  22 bullfrogs
  A glowing shapeshifter simulacrum (Vaults:1)
  A cyclops skeleton (Crypt:1)
  2 scorpions
  A wyvern skeleton (Crypt:1)
  A shapeshifter zombie (Crypt:2)
  4 human simulacra
  A queen bee zombie (Crypt:1)
  31 killer bees
  10 wights
  7 electric eels
  7 howler monkeys
  A bullfrog zombie (D:10)
  7 crimson imps
  2 quasits
  An iron imp (Abyss:1)
  3 hounds
  3 jellies
  2 bullfrog skeletons
  15 orc priests
  6 centaur skeletons
  2 iguanas
  17 orc wizards
  4 hell rats (Lair:2)
  3 worker ants
  2 hound skeletons
  6 mummies
  A howler monkey zombie (D:7)
  11 adders
  4 gnolls (Orc:2)
  2 worker ant zombies
  12 river rats (Lair:2)
  A shadow imp (D:11)
  A white imp (Vaults:4)
  An ufetubus (Vaults:4)
  3 oozes
  20 worms
  3 dart slugs
  7 leopard geckos
  100 orcs
  4 giant cockroaches
  4 goblins
  11 hobgoblins
  3 jackals (D:11)
  22 kobolds
  9 quokkas
  A ball python zombie (Crypt:1)
  16 bats
  7 frilled lizards
  A quokka zombie (Crypt:1)
  15 rats
  6 briar patches
  A bush (D:11)
  2 fungi
  A plant (Lair:6)
1781 creatures vanquished.

Vanquished Creatures (collateral kills)
  A tentacled starspawn (Abyss:1)
  2 ironheart preservers
  A manticore (shapeshifter) (Vaults:5)
  A large abomination (Abyss:1)
  An ushabti (Tomb:1)
  A neqoxec (Abyss:1)
  An insubstantial wisp (Abyss:1)
  An elf zombie (Vaults:5)
9 creatures vanquished.

Vanquished Creatures (others)
  A two-headed ogre (Vaults:3)
  An ironbrand convoker (Vaults:3)
  A vault sentinel (Vaults:2)
  A freezing wraith (Vaults:3)
  7 humans (Swamp:1)
  A yak (Lair:4)
  A human simulacrum (Vaults:5)
  2 killer bees (D:11)
  2 orcs
  15 fungi
  55 plants
  6 starspawn tentacles (Abyss:1)
93 creatures vanquished.

Grand Total: 1883 creatures vanquished

Notes
Turn   | Place    | Note
-------+----------+-------------------------------------------
     0 | D:1      | xccam the Minotaur Fighter began the quest for the Orb.
     0 | D:1      | Reached XP level 1. HP: 19/19 MP: 0/0
    66 | D:1      | Reached XP level 2. HP: 22/26 MP: 1/1
   198 | D:1      | Reached skill level 3 in Maces & Flails
   445 | D:1      | Reached XP level 3. HP: 31/31 MP: 2/2
   774 | D:2      | Found Gozag's Platinum Reserve.
   778 | D:2      | Found an opulent altar of Gozag.
   939 | D:2      | Reached XP level 4. HP: 33/39 MP: 3/3
  1084 | D:3      | Found a bloodstained altar of Trog.
  1091 | D:3      | Became a worshipper of Trog the Wrathful
  1139 | D:3      | Found a faded altar of an unknown god.
  1304 | D:3      | Reached skill level 4 in Maces & Flails
  1744 | D:4      | Noticed an ogre
  1785 | D:4      | Reached skill level 5 in Maces & Flails
  1785 | D:4      | Reached XP level 5. HP: 25/45 MP: 4/4
  1808 | D:4      | Noticed an ogre
  1955 | D:4      | Noticed Scuka's ghost (amateur BaFi)
  2037 | D:4      | Noticed an ogre
  2047 | D:4      | Killed an ogre
  2047 | D:4      | Reached * piety under Trog
  2047 | D:4      | Reached skill level 6 in Maces & Flails
  2047 | D:4      | Reached XP level 6. HP: 26/51 MP: 5/5
  2141 | D:4      | Reached skill level 7 in Maces & Flails
  2262 | D:4      | Reached skill level 8 in Maces & Flails
  2271 | D:4      | Reached XP level 7. HP: 45/57 MP: 6/6
  2311 | D:4      | Noticed Edmund
  2317 | D:4      | Killed Edmund
  2317 | D:4      | Reached skill level 9 in Maces & Flails
  2329 | D:4      | Noticed Sigmund
  2350 | D:4      | Killed Sigmund
  2408 | D:5      | Entered Level 5 of the Dungeon
  2451 | D:5      | Reached skill level 10 in Maces & Flails
  2661 | D:5      | Reached XP level 8. HP: 63/64 MP: 7/7
  2677 | D:5      | Found a hazy altar of Hepliaklqana.
  3148 | D:5      | Gained mutation: You passively map a small area around you. [potion of mutation]
  3148 | D:5      | Gained mutation: You are robust. (+10% HP) [potion of mutation]
  3148 | D:5      | Gained mutation: You are surrounded by a mild repulsion field. (EV +2) [potion of mutation]
  3148 | D:5      | Gained mutation: You are surrounded by a moderate repulsion field. (EV +3) [potion of mutation]
  3198 | D:5      | Reached skill level 11 in Maces & Flails
  3317 | D:6      | Found Olyiclid's Jewellery Boutique.
  3375 | D:6      | Found a deep blue altar of Sif Muna.
  3413 | D:6      | Reached skill level 5 in Armour
  3502 | D:6      | Found an ornate altar of the Wu Jian Council.
  4427 | D:7      | Reached skill level 12 in Maces & Flails
  4467 | D:7      | Reached ** piety under Trog
  4665 | D:7      | Found a glowing golden altar of the Shining One.
  4715 | D:7      | You fall through a shaft for 3 floors!
  4715 | D:10     | Entered Level 10 of the Dungeon
  4769 | D:10     | Noticed a hippogriff
  4772 | D:10     | Noticed Erolcha
  4772 | D:10     | Noticed a two-headed ogre
  4781 | D:10     | Killed Erolcha
  4781 | D:10     | Reached skill level 13 in Maces & Flails
  4781 | D:10     | Reached XP level 9. HP: 77/77 MP: 8/8
  4784 | D:10     | Killed a two-headed ogre
  4836 | D:10     | Reached skill level 14 in Maces & Flails
  4861 | D:10     | Reached XP level 10. HP: 51/84 MP: 9/9
  5254 | D:8      | Noticed Erica
  5262 | D:8      | Killed Erica
  5262 | D:8      | Reached skill level 15 in Maces & Flails
  5420 | D:8      | Noticed a two-headed ogre
  5426 | D:8      | Killed a two-headed ogre
  5426 | D:8      | Reached skill level 10 in Armour
  5627 | D:8      | Reached *** piety under Trog
  5777 | D:9      | Reached skill level 16 in Maces & Flails
  5820 | D:9      | Noticed Gastronok
  5835 | D:9      | Killed Gastronok
  5835 | D:9      | Reached XP level 11. HP: 66/90 MP: 4/10
  6342 | D:7      | Found a staircase to the Ecumenical Temple.
  6421 | D:7      | Noticed Scuka's ghost (novice BaFi)
  6429 | D:7      | Killed Scuka's ghost
  6598 | D:9      | Noticed a three-headed hydra
  6601 | D:9      | Reached skill level 17 in Maces & Flails
  6607 | D:9      | Killed a three-headed hydra
  6789 | D:10     | Noticed Snorg
  6808 | D:10     | Received a gift from Trog
  6823 | D:10     | Killed Snorg
  7132 | D:10     | Found a staircase to the Lair.
  7135 | D:10     | Noticed shugdite's ghost (journeyman MiFi)
  7150 | D:10     | Killed shugdite's ghost
  7325 | D:10     | Reached skill level 18 in Maces & Flails
  7456 | D:10     | Noticed Psyche
  7462 | D:10     | Killed Psyche
  7516 | D:10     | Reached **** piety under Trog
  7523 | D:10     | Noticed Grum
  7537 | D:10     | Reached XP level 12. HP: 67/99 MP: 9/11
  7544 | D:10     | Killed Grum
  8106 | D:11     | Noticed Maurice
  8106 | D:11     | Noticed a two-headed ogre
  8130 | D:11     | Killed Maurice
  8132 | D:11     | Killed a two-headed ogre
  8232 | D:11     | Noticed Harold
  8275 | D:11     | Killed Harold
  8356 | D:11     | Noticed a two-headed ogre
  8367 | D:11     | Killed a two-headed ogre
  8367 | D:11     | Reached skill level 19 in Maces & Flails
  8405 | D:11     | Found a hide-covered altar of Uskayaw.
  8408 | D:11     | Noticed a two-headed ogre
  8416 | D:11     | Killed a two-headed ogre
  8423 | D:11     | Noticed a centaur warrior
  8435 | D:11     | Killed a centaur warrior
  8504 | D:11     | Noticed Nergalle
  8513 | D:11     | Killed Nergalle
  9070 | Lair:1   | Entered Level 1 of the Lair of Beasts
  9354 | Lair:1   | Noticed a six-headed hydra
  9358 | Lair:1   | Killed a six-headed hydra
  9627 | Lair:1   | Reached ***** piety under Trog
  9780 | Lair:2   | Noticed an eight-headed hydra
  9789 | Lair:2   | Killed an eight-headed hydra
  9882 | Lair:2   | Reached skill level 5 in Fighting
  9964 | Lair:2   | Noticed an eight-headed hydra
  9970 | Lair:2   | Killed an eight-headed hydra
  9970 | Lair:2   | Reached XP level 13. HP: 111/111 MP: 12/12
 10950 | Lair:3   | Reached skill level 20 in Maces & Flails
 11223 | Lair:3   | Received a gift from Trog
 11242 | Lair:3   | Got a smoking great mace {god gift}
 11243 | Lair:3   | Identified the +3 great mace of Red Wine {antimagic, rN+} (Trog gifted it to you on level 3 of the Lair of Beasts)
 11268 | Lair:3   | Found a hole to the Spider Nest.
 11882 | Lair:4   | Reached skill level 15 in Armour
 12681 | Lair:4   | Found a staircase to the Swamp.
 13107 | Lair:5   | Noticed Urug
 13117 | Lair:5   | Killed Urug
 13117 | Lair:5   | Reached skill level 10 in Fighting
 13117 | Lair:5   | Reached XP level 14. HP: 100/133 MP: 4/13
 13695 | Lair:6   | Entered Level 6 of the Lair of Beasts
 13738 | Lair:6   | Received a gift from Trog
 14049 | Lair:6   | Found a staircase to the Slime Pits.
 14049 | Lair:6   | Found a viscous altar of Jiyva.
 14634 | Lair:6   | Reached skill level 1 in Dodging
 15231 | D:6      | Bought the amulet of Orifiewo {Gourm rPois rC+} for 530 gold pieces
 15857 | D:12     | Found a staircase to the Orcish Mines.
 15857 | D:12     | Cast into level 1 of the Abyss (orc warrior)
 16096 | Abyss:1  | Noticed a reaper
 16097 | Abyss:1  | Noticed a starcursed mass
 16102 | Abyss:1  | Noticed a starcursed mass
 16158 | Abyss:1  | Noticed a tentacled starspawn
 16191 | Abyss:1  | Killed a tentacled starspawn
 16191 | Abyss:1  | Reached skill level 21 in Maces & Flails
 16258 | Abyss:1  | Noticed a deep elf sorcerer
 16265 | Abyss:1  | Noticed a tentacled starspawn
 16266 | Abyss:1  | Killed a deep elf sorcerer
 16266 | Abyss:1  | Reached XP level 15. HP: 147/147 MP: 14/14
 16272 | Abyss:1  | Killed a tentacled starspawn
 16276 | D:12     | Escaped the Abyss
 16374 | D:12     | Received a gift from Trog
 16667 | Orc:1    | Entered Level 1 of the Orcish Mines
 16777 | Orc:1    | Found a roughly hewn altar of Beogh.
 17096 | Orc:2    | Entered Level 2 of the Orcish Mines
 17096 | Orc:2    | Found a staircase to the Elven Halls.
 17221 | Orc:2    | Found a burning altar of Makhleb.
 17447 | Orc:2    | Found Ujaomiocs's Assorted Antiques.
 17989 | Orc:2    | Found Desibb's Jewellery Emporium.
 18056 | Orc:2    | Reached skill level 5 in Dodging
 18057 | Orc:2    | Found Liemaast's Book Boutique.
 18089 | Orc:2    | Found Huohud's Gadget Boutique.
 18091 | Orc:2    | Found Rilysicu's Jewellery Shoppe.
 18154 | Orc:2    | Bought the amulet of Orraib {Reflect -Tele Str+5 Int+4 SH+4} for 662 gold pieces
 18467 | Spider:1 | Entered Level 1 of the Spider Nest
 19748 | Spider:2 | Got a steaming chain mail
 19749 | Spider:2 | Identified the +0 chain mail "Xiergh Oser" {rPois rF++ rCorr Int-5} (You found it on level 2 of the Spider Nest)
 19754 | Spider:2 | Reached XP level 16. HP: 157/159 MP: 5/15
 19893 | Spider:2 | Noticed Louise
 19910 | Spider:2 | Killed Louise
 20185 | Spider:2 | Got a flickering iron ring
 20186 | Spider:2 | Identified the ring "Gito" {rPois rC++ MR- SInv} (You found it on level 2 of the Spider Nest)
 21703 | Spider:4 | Entered Level 4 of the Spider Nest
 21874 | Spider:4 | Reached XP level 17. HP: 111/169 MP: 16/16
 22178 | Spider:4 | Reached skill level 1 in Evocations
 22226 | Spider:4 | Paralysed by a hornet for 3 turns
 22248 | Spider:4 | Reached skill level 22 in Maces & Flails
 22960 | Spider:4 | Got a gossamer rune of Zot
 23284 | Swamp:1  | Entered Level 1 of the Swamp
 23662 | Swamp:1  | Noticed Kirke
 23668 | Swamp:1  | Reached skill level 15 in Fighting
 23678 | Swamp:1  | Killed Kirke
 23723 | Swamp:1  | Noticed Josephine
 23735 | Swamp:1  | Killed Josephine
 24265 | Swamp:2  | Noticed Nikola
 24274 | Swamp:2  | Killed Nikola
 24539 | Swamp:2  | Received a gift from Trog
 24758 | Swamp:3  | Found a runed door.
 24797 | Swamp:3  | Reached skill level 10 in Dodging
 24864 | Swamp:3  | Reached skill level 5 in Evocations
 25167 | Swamp:3  | Reached XP level 18. HP: 179/181 MP: 20/20
 25591 | Swamp:4  | Entered Level 4 of the Swamp
 26230 | Swamp:4  | Got a decaying rune of Zot
 26675 | Swamp:4  | Got a transparent great mace
 26676 | Swamp:4  | Identified the +7 great mace of Integrity {holy, MR- Int+3 Dex+4} (You found it on level 4 of the Swamp)
 27588 | D:13     | Noticed Rupert
 27591 | D:13     | Reached ****** piety under Trog
 27602 | D:13     | Killed Rupert
 27666 | D:13     | Reached skill level 23 in Maces & Flails
 27773 | D:13     | Received a gift from Trog
 28330 | D:14     | Found a gate to the Vaults.
 28394 | D:14     | Got a bone giant spiked club
 28754 | D:15     | Entered Level 15 of the Dungeon
 29030 | D:15     | Found a shadowy altar of Dithmenos.
 29285 | D:15     | Found a staircase to the Depths.
 29308 | D:15     | Reached XP level 19. HP: 99/191 MP: 7/23
 29784 | Vaults:1 | Entered Level 1 of the Vaults
 29803 | Vaults:1 | Found Usicw's General Store.
 29811 | Vaults:1 | Bought a potion of cancellation for 136 gold pieces
 30202 | Vaults:1 | Received a gift from Trog
 30827 | Vaults:1 | Gained mutation: You are dopey. (Int -2) [a cacodemon]
 30862 | Vaults:1 | Noticed a Tzitzimitl
 31565 | Vaults:2 | Identified the Incunabulum of Burning Changing
 32149 | Vaults:2 | Received a gift from Trog
 32679 | Vaults:2 | Found a staircase to the Crypt.
 33002 | Vaults:2 | Received a gift from Trog
 33642 | Vaults:3 | Reached skill level 24 in Maces & Flails
 33642 | Vaults:3 | Reached XP level 20. HP: 66/205 MP: 8/24
 34604 | Vaults:3 | Received a gift from Trog
 35319 | Vaults:4 | Got a shimmering plate armour
 35320 | Vaults:4 | Identified the cursed +1 plate armour "Damnable Contraption" {+Fly Dex+5 Slay-4} (You found it on level 4 of the Vaults)
 35386 | Vaults:4 | Identified a scroll of acquirement
 35387 | Vaults:4 | Got a crude hat
 35389 | Vaults:4 | Identified the +0 hat of the Distant Future {rElec rC+ Str+2 SInv} (You acquired it on level 4 of the Vaults)
 35742 | Vaults:4 | Found a portal to a secret trove of treasure.
 36204 | Vaults:5 | Entered Level 5 of the Vaults
 36204 | Vaults:5 | Noticed Xtahua
 36772 | Vaults:4 | Reached XP level 21. HP: 142/217 MP: 8/25
 37136 | Vaults:5 | Noticed a golden dragon
 37154 | Vaults:5 | Reached skill level 15 in Dodging
 37164 | Vaults:4 | Killed Xtahua
 37170 | Vaults:4 | Killed a golden dragon
 37651 | Vaults:5 | Reached skill level 25 in Maces & Flails
 38245 | Vaults:5 | Noticed an ancient lich
 38264 | Vaults:5 | Killed an ancient lich
 38265 | Vaults:5 | Received a gift from Trog
 38639 | Vaults:5 | Noticed Sojobo
 38654 | Vaults:5 | Killed Sojobo
 39037 | Vaults:5 | Reached XP level 22. HP: 206/229 MP: 8/26
 39084 | Vaults:5 | Got a silver rune of Zot
 39404 | Vaults:5 | Found Tiruor's Food Shop.
 39500 | Vaults:5 | Received a gift from Trog
 39923 | Crypt:1  | Entered Level 1 of the Crypt
 40157 | Crypt:1  | Noticed a greater mummy
 40159 | Crypt:1  | Noticed Khufu
 40692 | Crypt:1  | Killed Khufu
 40765 | Crypt:1  | Killed a greater mummy
 41192 | Crypt:1  | Received a gift from Trog
 41235 | Crypt:1  | Noticed Mennas
 41274 | Crypt:1  | Killed Mennas
 41593 | Crypt:2  | Received a gift from Trog
 41707 | Crypt:2  | Reached skill level 26 in Maces & Flails
 41773 | Crypt:2  | Noticed Bai Suzhen
 41776 | Crypt:2  | Noticed Frederick
 41787 | Crypt:2  | Killed Bai Suzhen
 41794 | Crypt:2  | Killed Frederick
 42247 | Crypt:3  | Entered Level 3 of the Crypt
 42494 | Crypt:3  | Reached XP level 23. HP: 234/242 MP: 9/27
 42500 | Crypt:3  | Received a gift from Trog
 42558 | Crypt:3  | Found a staircase to the Tomb.
 42747 | Crypt:3  | Found a basalt altar of Yredelemnul.
 42747 | Crypt:3  | Noticed an ancient lich
 42757 | Crypt:3  | Killed an ancient lich
 42801 | Crypt:3  | Got a scintillating lead amulet
 42810 | Crypt:3  | Identified the amulet "Guabrys" {Spirit Int+4} (You found it on level 3 of the Crypt)
 42813 | Crypt:3  | Got a smoking ivory ring
 42814 | Crypt:3  | Identified the ring of Syrosm {rElec rC+ Stlth+} (You found it on level 3 of the Crypt)
 43135 | Crypt:3  | Got a vibrating ruby amulet
 43135 | Crypt:3  | Got a coiled bronze ring
 43135 | Crypt:3  | Got a flickering golden ring
 43136 | Crypt:3  | Identified the amulet of the Hippo {+Inv rPois rF+++ rC- Regen+} (You found it on level 3 of the Crypt)
 43137 | Crypt:3  | Identified the ring of Scepticism {+Inv rN+ MP-9 Str+6 Stlth+} (You found it on level 3 of the Crypt)
 43138 | Crypt:3  | Identified the ring "Von Taim" {rF+ rC+ rN+ MP+9} (You found it on level 3 of the Crypt)
 43440 | Tomb:1   | Entered Level 1 of the Tomb of the Ancients
 43936 | Tomb:1   | Noticed a greater mummy
 43966 | Tomb:1   | Killed a greater mummy
 43966 | Tomb:1   | Received a gift from Trog
 44043 | Tomb:1   | Noticed a greater mummy
 44071 | Tomb:1   | Killed a greater mummy
 44075 | Tomb:1   | Noticed Jory
 44093 | Tomb:1   | HP: 4/244 [Jory/crystal spear (45)]
 44218 | Tomb:1   | HP: 9/244 [soul eater[a mummy priest's death curse] (16)]
 44238 | Tomb:1   | Killed by a mummy priest's death curse

Skill      XL: |  1  2  3  4  5  6  7  8  9 10 11 12 13 14 15 16 17 18 19 20 21 22 23 |
---------------+----------------------------------------------------------------------+-----
Armour         | 4 7 8 11 12 14 15 17 18 19 20 21 22 23 24 | 24.2
Maces & Flails | 3 5 6 8 10 13 14 16 18 19 20 21 22 23 24 25 26 | 26.6
Shields        | 4 |  4.6
Fighting       | 5 10 12 13 14 15 16 18 19 20 21 | 21.9
Dodging        | 3 6 8 10 11 13 14 16 17 18 | 18.2
Evocations     | 5 6 |  6.8

Action                   |  1- 3 |  4- 6 |  7- 9 | 10-12 | 13-15 | 16-18 | 19-21 | 22-24 || total
-------------------------+-------+-------+-------+-------+-------+-------+-------+-------++-------
Melee: Flail             |   112 |    96 |    24 |       |       |       |       |       ||   232
       Headbutt          |    13 |    18 |    20 |    78 |   243 |   305 |   402 |   299 ||  1378
       Dire flail        |       |       |    99 |   540 |   302 |   810 |       |       ||  1751
       Great mace        |       |       |       |       |  1001 |   470 |  1516 |  1005 ||  3992
Throw: Tomahawk          |       |       |       |     6 |     2 |       |       |       ||     8
Invok: Berserk           |       |       |     2 |     7 |    11 |     9 |    24 |     9 ||    62
       Trog's Hand       |       |       |     1 |     6 |    50 |    21 |    44 |    24 ||   146
       Burn Spellbooks   |       |       |     1 |       |     2 |     1 |     3 |     5 ||    12
       Brothers in Arms  |       |       |       |       |     2 |     1 |     5 |     1 ||     9
Evoke: Wand              |       |       |     5 |     2 |     3 |     8 |     3 |       ||    21
  Use: Scroll            |     6 |     3 |     2 |     6 |    12 |     8 |    12 |    15 ||    64
       Potion            |     5 |     2 |     5 |     2 |     6 |       |     3 |     4 ||    27
 Stab: Invisible         |       |       |       |     2 |       |       |     7 |       ||     9
       Petrified         |       |       |       |       |     6 |       |       |       ||     6
       Distracted        |       |       |       |       |     1 |       |       |       ||     1
       Confused          |       |       |       |       |       |     1 |       |       ||     1
  Eat: Chunk             |       |     5 |     7 |    25 |    53 |    30 |    75 |    15 ||   210
       Ration            |       |       |     1 |       |     3 |     8 |       |     4 ||    16
Armor: Scale mail        |    65 |    25 |     8 |       |       |       |       |       ||    98
       Plate armour      |       |       |    38 |   256 |   618 |   407 |   965 |   516 ||  2800
       Chain mail        |       |       |       |       |       |   275 |       |       ||   275
Dodge: Dodged            |    52 |    26 |    48 |   221 |   597 |   910 |  1222 |   869 ||  3945
Block: Shield            |    68 |    40 |     5 |       |       |       |       |       ||   113
       Other             |       |       |       |       |       |   100 |       |       ||   100
       Reflection        |       |       |       |       |       |     1 |       |       ||     1
